 Dungeon Crawl Stone Soup version 0.27-a0-604-g29a88b33a7 (webtiles) character file.

Game seed: 12946598831386960974

356276 snetch the Slayer (level 21, -12/188 HPs)
             Began as a Minotaur Berserker on Mar 2, 2021.
             Was a High Priest of Trog.
             Mangled by a golden dragon (17 damage)
             ... on level 5 of the Vaults on Mar 12, 2021.
             The game lasted 03:26:20 (49159 turns).

snetch the Slayer (Minotaur Berserker)             Turns: 49159, Time: 03:26:21

Health: -12/188    AC: 17    Str: 49    XL:     21   Next: 39%
Magic:  0/29       EV: 16    Int:  6    God:    Trog [*****.]
Gold:   4743       SH: 30    Dex: 10    Spells: 20/20 levels left

rFire    + . .     SeeInvis .   a - +8 broad axe "Nuykec" {vorpal, Will+ Str+4 Stlth+}
rCold    . . .     Faith    .   l - +2 tower shield
rNeg     + . .     Spirit   +   T - quicksilver dragon scales
rPois    +         Reflect  .   P - +2 hat {Will+}
rElec    .         Harm     .   e - +2 cloak {rCorr}
rCorr    +         Rampage  .   x - +2 pair of gloves
Will     +++++                  Q - +2 pair of boots
Stlth    ++++......             y - amulet of guardian spirit
HPRegen  1.41/turn              q - ring of Aman Jajocamm {MP+9 Str+7}
MPRegen  0.21/turn              b - ring of Dushilaudugg {*Corrode rPois rF+ rN+ Str+6}

@: marked, corroded, regenerating, slowed, studying Unarmed Combat, very slow
A: horns 2, talons 2, clever 1, frail 1, retaliatory headbutt
}: 2/15 runes: decaying, serpentine
a: Renounce Religion, Berserk, Trog's Hand, Brothers in Arms


You were on level 5 of the Vaults.
You worshipped Trog.
Trog was extremely pleased with you.
You visited 7 branches of the dungeon, and saw 37 of its levels.
You visited 1 bazaar.
You also visited: Bailey, Gauntlet and Ice Cave.

You collected 5557 gold pieces.
You spent 814 gold pieces at shops.

Inventory:

Hand Weapons
 a - the +8 broad axe "Nuykec" (weapon) {vorpal, Will+ Str+4 Stlth+}
   (Trog gifted it to you in a bailey)

   It inflicts extra damage upon your enemies.
   It affects your strength (+4).
   It affects your willpower, your defense against some magical effects.
   It makes you more stealthy.
Missiles
 u - 8 atropa-tipped darts
 w - 12 silver boomerangs
 D - 28 boomerangs
 F - 82 poisoned darts
 R - 13 silver javelins
 X - 8 boomerangs of dispersal
Armour
 e - a +2 cloak of preservation (worn)
 l - a +2 tower shield (worn)
 x - a +2 pair of gloves (worn)
 P - a +2 hat of willpower (worn)
 Q - a +2 pair of boots (worn)
 T - quicksilver dragon scales (worn)
Jewellery
 b - the ring of Dushilaudugg (left hand) {*Corrode rPois rF+ rN+ Str+6}
   (You bought it in a shop on level 3 of the Vaults)

   [ring of protection from fire]

   It affects your strength (+6).
   It protects you from fire.
   It protects you from poison.
   It protects you from negative energy.
   It may corrode you when you take damage.
 q - the ring of Aman Jajocamm (right hand) {MP+9 Str+7}
   (You found it in a Gauntlet)

   [ring of magical power]

   It affects your strength (+7).
   It affects your magic capacity (+9).
 y - an amulet of guardian spirit (around neck)
Wands
 o - a wand of iceblast (39)
 p - a wand of digging (10)
 v - a wand of polymorph (45)
 z - a wand of acid (29)
 H - a wand of flame (94)
 J - a wand of mindburst (32)
 S - a wand of random effects (95) (quivered)
 W - a wand of paralysis (39)
Scrolls
 f - a scroll of holy word
 i - 12 scrolls of teleportation
 n - 5 scrolls of immolation
 r - a scroll of silence
 s - 8 scrolls of blinking
 C - a scroll of torment
 G - 6 scrolls of magic mapping
 I - 8 scrolls of fear
 L - 5 scrolls of fog
 N - 3 scrolls of brand weapon
 Y - 4 scrolls of vulnerability
 Z - a scroll of summoning
Potions
 c - 7 potions of might
 d - 3 potions of cancellation
 g - 8 potions of haste
 k - 2 potions of resistance
 m - 6 potions of attraction
 t - 3 potions of mutation
 B - 8 potions of lignification
 E - a potion of invisibility
 K - 12 potions of curing
 O - 4 potions of heal wounds
 U - 3 potions of ambrosia
Miscellaneous
 h - a phantom mirror
 j - a tin of tremorstones (1/2)
 A - a box of beasts
 V - a lightning rod (2/4)


   Skills:
 + Level 22.7 Fighting
 - Level 17.8(18.0) Axes
 - Level 4.4(12.7) Polearms
 + Level 8.2 Throwing
 + Level 17.6 Armour
 + Level 14.5 Dodging
 + Level 8.5 Stealth
 + Level 21.5 Shields
 + Level 4.7 Evocations


You had 20 spell levels left.
You didn't know any spells.
Your spell library contained the following spells:

 Spells                   Type           Power      Damage    Failure   Level
 Animate Skeleton         Necr           0%         N/A       65%         1
 Apportation              Tloc           0%         N/A       65%         1
 Beastly Appendage        Tmut           0%         N/A       65%         1
 Corona                   Hex            0%         N/A       65%         1
 Freeze                   Ice            0%         1d3       65%         1
 Magic Dart               Conj           0%         1d3       65%         1
 Shock                    Conj/Air       0%         1d3       65%         1
 Sting                    Tmut/Pois      0%         1d3       65%         1
 Summon Small Mammal      Summ           0%         N/A       65%         1
 Blink                    Tloc           N/A        N/A       80%         2
 Call Imp                 Summ           0%         N/A       80%         2
 Ensorcelled Hibernation  Hex/Ice        0%         N/A       80%         2
 Passwall                 Tmut/Erth      0%         N/A       80%         2
 Poisonous Vapours        Pois/Air       0%         N/A       80%         2
 Slow                     Hex            0%         N/A       80%         2
 Swiftness                Air            0%         N/A       80%         2
 Wereblood                Tmut           0%         N/A       80%         2
 Confusing Touch          Hex            0%         N/A       95%         3
 Conjure Flame            Conj/Fire      0%         6-21      95%         3
 Dazzling Flash           Conj/Hex       0%         N/A       95%         3
 Frozen Ramparts          Ice            0%         1d2       95%         3
 Gell's Gravitas          Tloc           0%         N/A       95%         3
 Ignite Poison            Fire/Tmut/Pois 0%         N/A       95%         3
 Lesser Beckoning         Tloc           0%         N/A       95%         3
 Mephitic Cloud           Conj/Pois/Air  0%         N/A       95%         3
 Ozocubu's Armour         Ice            0%         N/A       95%         3
 Portal Projectile        Hex/Tloc       0%         N/A       95%         3
 Static Discharge         Conj/Air       0%         N/A       95%         3
 Teleport Other           Tloc           0%         N/A       95%         3
 Tukima's Dance           Hex            0%         N/A       95%         3
 Airstrike                Air            0%         N/A       100%        4
 Animate Armour           Summ/Erth      0%         N/A       100%        4
 Hailstorm                Conj/Ice       0%         3d3       100%        4
 Ice Form                 Ice/Tmut       0%         N/A       100%        4
 Iskenderun's Mystic Bla  Conj/Tloc      0%         2d3       100%        4
 Leda's Liquefaction      Hex/Erth       0%         N/A       100%        4
 Olgreb's Toxic Radiance  Pois           0%         N/A       100%        4
 Petrify                  Tmut/Erth      0%         N/A       100%        4
 Summon Ice Beast         Ice/Summ       0%         N/A       100%        4
 Bolt of Magma            Conj/Fire/Erth 0%         4d4       100%        5
 Lightning Bolt           Conj/Air       0%         1d11      100%        5
 Metabolic Englaciation   Hex/Ice        0%         N/A       100%        5
 Yara's Violent Unravell  Hex/Tmut       0%         3d3       100%        5
 Dispersal                Tloc           0%         N/A       100%        6
 Freezing Cloud           Conj/Ice/Air   0%         6-21      100%        6
 Hydra Form               Tmut           0%         N/A       100%        6
 Iron Shot                Conj/Erth      0%         9d1       100%        6
 Simulacrum               Ice/Necr       0%         N/A       100%        6
 Statue Form              Tmut/Erth      0%         N/A       100%        6
 Malign Gateway           Summ/Tloc      0%         N/A       100%        7
 Ozocubu's Refrigeration  Ice            0%         4d5       100%        7
 Shatter                  Erth           0%         3d5*      100%        9


Dungeon Overview and Level Annotations

Branches:
Dungeon (15/15)            Temple (1/1) D:6            Lair (6/6) D:10
  Swamp (4/4) Lair:3        Snake (4/4) Lair:4        Slime (0/5) Lair:5
    Orc (2/2) D:9             Elf (0/3) Orc:2        Vaults (5/5) D:14
  Crypt (0/3) Vaults:3     Depths (0/5) D:15         Bailey (visited)
  IceCv (visited)         Gauntlet (visited)

Altars:
Ashenzari
Cheibriados
Dithmenos
Elyvilon
Fedhas
Gozag
Hepliaklqana
Kikubaaqudgha
Makhleb
Nemelex Xobeh
Okawaru
Qazlal
Ru
Sif Muna
Trog
Uskayaw
Vehumet
Wu Jian
Xom
Yredelemnul
Zin
The Shining One
Beogh
Jiyva

Shops:
D:10 [   D:11 :   D:13 *   D:15 :   Orc:1 =   Orc:2 [?=[(   Snake:1 :=:[
Snake:4 !*   Vaults:3 *   Vaults:4 [

Annotations:
D:7 angel and demon behind stone
Orc:2 curare


Innate Abilities, Weirdness & Mutations

You have a pair of horns on your head.
You reflexively headbutt those who attack you in melee.
You have razor-sharp toenails.
Your mind is acute. (Int +2)
You are frail. (-10% HP)


Message History

The golden dragon claws you but does no damage.
You block the golden dragon's attack.
Your deep troll misses the tengu reaver.
Your deep troll barely misses the tengu reaver.
Your deep troll claws the tengu reaver!
The tengu reaver completely misses you.
The tengu reaver hits your deep troll with a +5 war axe!
The tengu reaver hits your deep troll with a +5 war axe.
The tengu reaver closely misses you. You block the tengu reaver's attack.
The quicksilver dragon bites your deep troll!
The quicksilver dragon claws your deep troll!
Your deep troll dies!
Your deep troll's corpse disappears in a puff of smoke!
The vault warden hits you with the +7 dire flail "Taggeud" {freeze, Str+4 Dex-4}!
* * * LOW HITPOINT WARNING * * *
The vault warden freezes you.
* * * LOW HITPOINT WARNING * * *
A storm dragon comes into view.
A dread lich comes into view.
The two-headed ogre hits you with a +0 giant club!!
* * * LOW HITPOINT WARNING * * *
You block the two-headed ogre's attack.
An orc knight comes into view. It is wielding a +0 great sword.
The vault guard hits you from afar with a +3 halberd.
* * * LOW HITPOINT WARNING * * *
Your troll bites the golden dragon!
Your troll claws the golden dragon! x2
The golden dragon bites you!
* * * LOW HITPOINT WARNING * * *
The golden dragon claws you but does no damage.
The golden dragon tramples you but does no damage.
A titan comes into view.
A golden dragon comes into view.
You block the entropy weaver's attack. The entropy weaver hits you!
* * * LOW HITPOINT WARNING * * *
The entropy weaver hits you but does no damage.
The entropy weaver closely misses you.
Your iron troll bites the entropy weaver!
Your iron troll claws the entropy weaver!
The entropy weaver dies!
Trog accepts your kill.
Trog appreciates your killing of a magic user.
The golden dragon bites you!!
You die...

... #....# .
#..$.#....#$.
#...#....#p#
###..#....#.## #
.....#.....p.##..
..Co..oD..D.D..
#####.oC.DBT..####
......ODXDOQ....$L
......Dupp@DT).C..
.......ccD.DT.....
....!..oDueT......
##.#.O..c.o..#####
....oOD..°....#
...o.......#.p#
...D..#....##.D
#..........# #.!


You could see 4 shadow dragons, a tentacled monstrosity, an iron dragon, 3
ironheart preservers, a titan, 4 golden dragons, a dread lich, 3 storm dragons,
2 very ugly things, 2 quicksilver dragons, 2 stone giants, a vault warden, a
tengu reaver (ally target), a vault guard, an entropy weaver, 3 orc knights, 3
two-headed ogres, an ogre mage, a deep troll, a deep elf archer (repels
missiles), 3 yaktaurs, an orc warrior (strong), an orc priest, 2 orcs, a
friendly iron troll (summoned, berserk), a friendly deep troll (summoned,
berserk) and a friendly troll (summoned, berserk).

Vanquished Creatures
  Sojobo (Vaults:2)
  Bai Suzhen (Snake:4)
  Vashnia (Snake:2)
  the Lernaean hydra (Swamp:4)
  Nikola (Snake:4)
  Rupert (D:15)
  A quicksilver dragon (Vaults:4)
  Frances (Swamp:1)
  Gastronok (D:10)
  Kirke (Snake:2)
  A storm dragon (Vaults:4)
  4 tengu reavers
  A shadow dragon (Vaults:4)
  6 nagarajas (Snake:4)
  A fenstrider witch (Swamp:3)
  A fire giant (Vaults:3)
  A deep elf sorcerer (Vaults:1)
  Aizul (Snake:4)
  Louise (Snake:3)
  2 orc warlords
  9 vault wardens
  6 very ugly things
  7 ironheart preservers
  A war gargoyle (Vaults:3)
  3 stone giants
  The ghost of Opripao the Severer, a journeyman MiFi of Qazlal (D:15)
  2 deep elf demonologists
  2 bunyips
  A minotaur (Gauntlet)
  A dire elephant (Lair:2)
  A death ooze (D:15)
  The ghost of Fan Mut the Blocker, a journeyman GnFi of Uskayaw (Lair:2)
  An ettin (Vaults:4)
  A deep elf death mage (Vaults:3)
  8 yaktaur captains
  2 fire dragons
  3 eleionomae (Swamp:1)
  Harold (D:7)
  Josephine (D:14)
  5 ice dragons
  6 naga warriors
  A rakshasa (Vaults:3)
  24 vault guards (Vaults:4)
  A spriggan air mage (Swamp:4)
  7 boulder beetles
  A ghost crab (Swamp:2)
  18 hydras
  2 death knights
  8 ogre magi
  9 centaur warriors
  10 alligators
  Erica (D:8)
  29 two-headed ogres
  5 catoblepae
  The ghost of omnomnOMINOUS the Frost Mage, a novice DrCj of Fedhas (D:11)
  6 anacondas
  A deep troll shaman (Vaults:4)
  4 tengu warriors
  5 death yaks (Lair:6)
  A deep troll earth mage (D:13)
  2 vampire magi (Vaults:3)
  4 shock serpents
  22 naga sharpshooters
  Nergalle (Lair:2)
  A shadow wraith (Vaults:4)
  5 skeletal warriors
  A flayed ghost (Vaults:4)
  7 goliath frogs
  A salamander mystic (Snake:4)
  An unseen horror (shapeshifter) (Vaults:2)
  12 swamp dragons
  5 unseen horrors
  A glowing orange brain (Vaults:4)
  7 deep trolls
  5 spriggan druids
  9 ironbrand convokers
  5 naga ritualists
  2 bog bodies
  5 phantasmal warriors
  4 deep elf archers
  An orange crystal statue (D:9)
  10 mana vipers
  A wolf spider zombie (D:15)
  Pikel (D:8)
  8 harpies
  5 deep elf pyromancers
  3 necromancers
  17 orc knights
  3 wizards
  31 ugly things
  8 wolf spiders
  2 deep elf zephyrmancers (Vaults:1)
  2 human zombies (Vaults:3)
  4 orc sorcerers
  6 cyclopes
  4 manticores
  6 salamanders
  A stone giant skeleton (Vaults:1)
  6 will-o-the-wisps
  A salamander (shapeshifter) (D:14)
  8 guardian serpents
  25 elephants
  A guardian serpent (shapeshifter) (Vaults:1)
  25 black mambas
  11 naga magi
  15 cane toads
  An elephant (shapeshifter) (D:13)
  2 gargoyles (D:13)
  2 ice statues (IceCv)
  9 vault sentinels
  5 centaur skeletons
  4 rime drakes
  A cane toad (shapeshifter) (Vaults:1)
  2 torpor snails
  Maggie (D:7)
  2 kobold demonologists
  30 yaktaurs
  A yaktaur (shapeshifter) (D:15)
  2 efreet (D:13)
  6 komodo dragons
  5 freezing wraiths
  3 tengu conjurers
  A human skeleton (Vaults:3)
  A queen bee (Lair:2)
  A bloated husk (Swamp:4)
  A wind drake (shapeshifter) (Vaults:4)
  A harpy zombie (D:15)
  A meliai (Lair:2)
  14 trolls
  A polar bear (shapeshifter) (Vaults:4)
  7 tyrant leeches
  Prince Ribbit (D:5)
  12 hornets
  27 slime creatures
  13 blink frogs
  A fire giant simulacrum (Vaults:3)
  4 dream sheep (Lair:6)
  Grinder (D:4)
  A human simulacrum (Vaults:1)
  7 shadows
  Sigmund (D:2)
  A centaur simulacrum (Gauntlet)
  A vampire (D:15)
  A spriggan (shapeshifter) (Vaults:1)
  12 spriggans
  A tarantella (Vaults:4)
  A yak (shapeshifter) (Vaults:2)
  6 wyverns
  2 basilisks
  6 wraiths
  Menkaure (D:4)
  7 vampire mosquitoes
  81 yaks
  4 wargs
  An acid dragon (shapeshifter) (Vaults:3)
  25 water moccasins
  A warg (shapeshifter) (Vaults:3)
  52 nagas
  17 swamp worms
  An elf skeleton (Vaults:1)
  A floating eye (shapeshifter) (Vaults:4)
  68 orc warriors
  A meliai simulacrum (Gauntlet)
  2 black bears (shapeshifter) (Vaults:3)
  3 black bears
  12 swamp drakes
  19 ice beasts
  An ice beast (shapeshifter) (D:13)
  6 sky beasts
  A hornet zombie (D:15)
  An eye of draining (D:12)
  An eye of draining (shapeshifter) (Vaults:4)
  2 necrophages
  29 ogres
  21 wolves
  14 centaurs
  2 lemures (D:8)
  2 phantoms (D:4)
  5 kobold brigands
  A glowing shapeshifter simulacrum (Vaults:3)
  13 bullfrogs
  An elf simulacrum (Vaults:1)
  A cane toad simulacrum (Gauntlet)
  A wyvern zombie (D:14)
  9 scorpions
  2 wyvern skeletons
  A hornet simulacrum (Vaults:1)
  16 killer bees
  43 wights
  2 electric eels
  4 howler monkeys
  12 jellies
  A quasit (D:10)
  4 bullfrog zombies
  6 centaur zombies
  A bullfrog skeleton (D:13)
  8 hounds
  22 orc priests
  Jessica (D:3)
  3 iguanas
  33 orc wizards
  11 worker ants
  A hound zombie (D:5)
  Robin (D:3)
  2 worker ant zombies
  10 gnolls
  A howler monkey skeleton (D:10)
  13 adders
  14 white imps
  2 ufetubi
  3 oozes
  2 adder zombies (D:5)
  An adder skeleton (D:8)
  3 worms
  2 dart slugs
  7 leopard geckos
  145 orcs
  4 giant cockroaches
  18 goblins
  6 hobgoblins
  7 jackals
  3 quokkas
  3 ball pythons
  3 bats
  3 frilled lizards
  A jackal zombie (D:7)
  23 kobolds
  A quokka skeleton (D:10)
  16 rats
  A bush (Lair:1)
  A toadstool (D:10)
1608 creatures vanquished.

Vanquished Creatures (collateral kills)
  A sphinx (Vaults:5)
  A tengu reaver (Vaults:5)
  A deep elf sorcerer (Vaults:5)
  A nagaraja (Snake:4)
  A stone giant (Vaults:5)
  A very ugly thing (Vaults:5)
  An entropy weaver (Vaults:5)
  A great orb of eyes (Vaults:5)
  A naga warrior (Snake:4)
  2 anacondas (Snake:4)
  A naga ritualist (Snake:4)
  A phantasmal warrior (Vaults:5)
  2 deep elf pyromancers (Vaults:5)
  An ugly thing (Vaults:5)
  A vault sentinel (Vaults:5)
  A naga mage (Snake:4)
  A centaur zombie (D:13)
  A yaktaur (Vaults:5)
  A troll (D:9)
  A naga (Snake:4)
  4 orc warriors (D:9)
  7 killer bees
  2 orc priests (D:9)
  2 orc wizards
  8 orcs
45 creatures vanquished.

Vanquished Creatures (others)
  An eleionoma (Swamp:4)
  A mana viper (Snake:4)
  A bloated husk (Swamp:2)
  2 spriggans
  7 humans (Snake:2)
  40 foxfires
  151 fungi
  135 plants
  4 toadstools (D:10)
342 creatures vanquished.

Grand Total: 1995 creatures vanquished

Notes
Turn   | Place    | Note
-------+----------+-------------------------------------------
     0 | D:1      | snetch the Minotaur Berserker began the quest for the Orb.
     0 | D:1      | Reached XP level 1. HP: 19/19 MP: 0/0
    58 | D:1      | Reached XP level 2. HP: 23/27 MP: 1/1
    87 | D:2      | Found a shimmering altar of Xom.
   131 | D:1      | Reached skill level 4 in Fighting
   443 | D:1      | Reached XP level 3. HP: 33/33 MP: 2/2
   916 | D:2      | Reached ** piety under Trog
  1159 | D:2      | Reached XP level 4. HP: 38/41 MP: 3/3
  1308 | D:2      | Found a broken altar of Ashenzari.
  1362 | D:2      | Noticed Sigmund
  1371 | D:2      | Killed Sigmund
  1372 | D:2      | Reached skill level 5 in Fighting
  1372 | D:2      | Reached XP level 5. HP: 48/48 MP: 4/4
  1524 | D:2      | Found a snail-covered altar of Cheibriados.
  1799 | D:4      | Reached XP level 6. HP: 27/56 MP: 5/5
  2055 | D:4      | Reached skill level 1 in Stealth
  2267 | D:3      | Noticed Robin
  2277 | D:3      | Killed Robin
  2280 | D:3      | Reached *** piety under Trog
  2485 | D:3      | Reached XP level 7. HP: 60/61 MP: 6/6
  2606 | D:3      | Noticed Jessica
  2610 | D:3      | Killed Jessica
  2900 | D:5      | Entered Level 5 of the Dungeon
  2962 | D:4      | Noticed Menkaure
  2967 | D:4      | Killed Menkaure
  2968 | D:4      | Reached skill level 5 in Armour
  3477 | D:4      | Noticed Grinder
  3480 | D:4      | Paralysed by Grinder for 2 turns
  3483 | D:4      | Killed Grinder
  3484 | D:4      | Reached XP level 8. HP: 48/70 MP: 3/7
  3945 | D:4      | Reached skill level 1 in Shields
  4019 | D:5      | Reached skill level 6 in Fighting
  4077 | D:5      | Reached skill level 10 in Axes
  4080 | D:5      | Noticed Prince Ribbit
  4105 | D:5      | HP: 4/106 [Prince Ribbit (14)]
  4110 | D:5      | Reached XP level 9. HP: 8/78 MP: 8/8
  4480 | D:5      | Killed Prince Ribbit
  4849 | D:6      | Reached **** piety under Trog
  5236 | D:6      | Found a staircase to the Ecumenical Temple.
  5252 | Temple   | Entered the Ecumenical Temple
  5611 | D:6      | Found a shadowy altar of Dithmenos.
  5646 | D:7      | Noticed Maggie
  5656 | D:7      | Killed Maggie
  5773 | D:6      | Reached skill level 7 in Fighting
  6043 | D:6      | Found a sparkling altar of Nemelex Xobeh.
  6678 | D:7      | Noticed Harold
  6691 | D:7      | Killed Harold
  6692 | D:7      | Reached XP level 10. HP: 70/86 MP: 9/9
  6776 | D:7      | Found a shimmering altar of Xom.
  7023 | D:7      | Found a hazy altar of Hepliaklqana.
  7046 | D:7      | Found a burning altar of Makhleb.
  7049 | D:7      | Identified the +1 leather armour "Xiliuwk" {+Inv rC+ Int+10
                  | Dex-4}
  7052 | D:7      | Found a glowing silver altar of Zin.
  7052 | D:7      | Noticed an Executioner
  7052 | D:7      | Noticed an angel
  7986 | D:9      | Identified the +10 scimitar "Meto" {holy, Str+2}
  8072 | D:9      | Reached skill level 10 in Armour
  8078 | D:9      | Reached ***** piety under Trog
  8227 | D:9      | Found a flagged portal.
  8249 | Bailey   | Entered a bailey
  8378 | Bailey   | Reached skill level 8 in Fighting
  8566 | Bailey   | Reached skill level 1 in Polearms
  9007 | Bailey   | Identified the +8 broad axe "Nuykec" {vorpal, Will+ Str+4
                  | Stlth+} (Trog gifted it to you in a bailey)
  9007 | Bailey   | Received a gift from Trog
  9065 | Bailey   | Noticed an orc knight
  9077 | Bailey   | Killed an orc knight
  9297 | D:10     | Entered Level 10 of the Dungeon
  9331 | D:10     | Found Akkieh's Armour Shop.
  9421 | D:7      | Upgraded the game from 0.27-a0-498-g7ecbb0a48f to
                  | 0.27-a0-522-g46bbb28828
  9634 | D:8      | Noticed Erica
  9640 | D:8      | Killed Erica
  9853 | D:8      | Noticed Pikel
  9857 | D:8      | Killed Pikel
  9858 | D:8      | Reached XP level 11. HP: 95/95 MP: 10/10
 10544 | D:9      | Found a staircase to the Orcish Mines.
 10623 | D:9      | Noticed an orange crystal statue
 10642 | D:9      | Killed an orange crystal statue
 10822 | D:9      | Upgraded the game from 0.27-a0-522-g46bbb28828 to
                  | 0.27-a0-531-gb72ec1a1b6
 10859 | D:10     | Noticed a two-headed ogre
 10864 | D:10     | Killed a two-headed ogre
 10966 | D:10     | Reached skill level 9 in Fighting
 10978 | D:10     | Noticed Gastronok
 10979 | D:10     | Found a staircase to the Lair.
 10994 | D:10     | Killed Gastronok
 10995 | D:10     | Reached skill level 15 in Axes
 11331 | D:10     | Received a gift from Trog
 11385 | D:11     | Noticed omnomnOMINOUS's ghost (novice DrCj)
 11386 | D:11     | Noticed a two-headed ogre
 11387 | D:11     | Identified the +3 great mace of the Thirsty Knives
                  | {protect, rF++ Will+}
 11387 | D:11     | Identified the +0 dire flail "Hydraslayer" {chaos, *Corrode
                  | rF+ MP+9 SInv}
 11387 | D:11     | Noticed a two-headed ogre
 11400 | D:11     | Found a transporter.
 11404 | D:11     | Noticed a two-headed ogre
 11726 | D:11     | Reached XP level 12. HP: 89/106 MP: 11/11
 11878 | D:11     | Found a sacrificial altar of Ru.
 12149 | D:11     | Noticed a two-headed ogre
 12153 | D:11     | Killed a two-headed ogre
 12197 | D:11     | Reached skill level 5 in Shields
 12398 | D:11     | Found Daoroyfu's Book Shoppe.
 12407 | D:11     | Reached skill level 10 in Fighting
 12807 | D:13     | Found Sadwimanu's Assorted Antiques.
 12826 | D:13     | Bought a scroll of blinking for 300 gold pieces
 12862 | D:13     | Noticed a centaur warrior
 12868 | D:13     | Killed a centaur warrior
 12949 | D:13     | Noticed a two-headed ogre
 12955 | D:13     | Killed a two-headed ogre
 12994 | D:13     | Noticed a two-headed ogre
 13007 | D:13     | Killed a two-headed ogre
 13007 | D:13     | Received a gift from Trog
 13047 | D:13     | Reached skill level 11 in Fighting
 13178 | D:13     | Found a gate leading to a gauntlet.
 13210 | D:13     | Reached XP level 13. HP: 112/117 MP: 12/12
 13214 | Gauntlet | Entered a Gauntlet
 13214 | Gauntlet | Found a transporter.
 13232 | Gauntlet | Found a transporter.
 13235 | Gauntlet | Found a transporter.
 13246 | Gauntlet | Found a transporter.
 13249 | Gauntlet | Found a transporter.
 13260 | Gauntlet | Found a transporter.
 13263 | Gauntlet | Noticed an entropy weaver
 13276 | Gauntlet | Found a transporter.
 13280 | Gauntlet | Noticed a dire elephant
 13283 | Gauntlet | Noticed a blizzard demon
 13287 | Gauntlet | Found a transporter.
 13299 | Gauntlet | Found a transporter.
 13315 | Gauntlet | Found a transporter.
 13324 | Gauntlet | Found a runed translucent door.
 13325 | Gauntlet | Found a transporter.
 13325 | Gauntlet | Found a transporter.
 13330 | Gauntlet | Found a runed translucent door.
 13373 | Gauntlet | Found a transporter.
 13390 | Gauntlet | Found a transporter.
 13498 | Gauntlet | Reached XP level 14. HP: 108/125 MP: 13/13
 13663 | Gauntlet | Reached skill level 12 in Fighting
 13674 | Gauntlet | Identified the ring of Aman Jajocamm {MP+9 Str+7}
 13722 | Gauntlet | Identified the Incunabulum of Changing
 13728 | Gauntlet | Identified the Papyrus of the Voyage
 14274 | D:12     | Reached skill level 15 in Armour
 15765 | D:14     | Reached skill level 13 in Fighting
 16384 | D:14     | Reached skill level 10 in Shields
 16384 | D:14     | Found a gate to the Vaults.
 16576 | D:15     | Entered Level 15 of the Dungeon
 16734 | D:14     | Reached skill level 14 in Fighting
 16976 | D:14     | Noticed Josephine
 16983 | D:14     | Killed Josephine
 17135 | D:14     | Upgraded the game from 0.27-a0-531-gb72ec1a1b6 to
                  | 0.27-a0-562-g0d39f094a4
 17353 | D:14     | Reached ****** piety under Trog
 17357 | D:14     | Reached XP level 15. HP: 138/138 MP: 14/14
 17412 | D:15     | Noticed Rupert
 17432 | D:15     | Killed Rupert
 17488 | D:15     | Found a runed translucent gate.
 17489 | D:15     | Found a runed translucent gate.
 17490 | D:15     | Found a runed translucent gate.
 17493 | D:15     | Found a viscous altar of Jiyva.
 17493 | D:15     | Noticed Opripao's ghost (journeyman MiFi)
 17494 | D:15     | Found the +11 plutonium sword {*Contam Stlth-}
 17701 | D:15     | Found Ipilonk's Book Shop.
 17929 | D:15     | Reached skill level 15 in Fighting
 17929 | D:15     | Found a staircase to the Depths.
 18354 | D:15     | Killed Opripao's ghost
 18493 | D:15     | Upgraded the game from 0.27-a0-562-g0d39f094a4 to
                  | 0.27-a0-597-g524d869a0f
 18637 | Orc:1    | Entered Level 1 of the Orcish Mines
 18687 | Orc:1    | Identified the +8 hand axe "Eseuqij" {vorpal, +Rage Dex+5}
                  | (Trog gifted it to you on level 1 of the Orcish Mines)
 18687 | Orc:1    | Received a gift from Trog
 19107 | Orc:2    | Entered Level 2 of the Orcish Mines
 19326 | Orc:2    | Found Abonop's Jewellery Emporium.
 19360 | Orc:1    | Found Tovizecu's Jewellery Shoppe.
 19592 | Orc:2    | Found a staircase to the Elven Halls.
 19714 | Orc:2    | Noticed an orc warlord
 19730 | Orc:2    | Killed an orc warlord
 19735 | Orc:2    | Received a gift from Trog
 19769 | Orc:2    | Found Vireneco's Antique Armour Shoppe.
 19784 | Orc:2    | Found Ulotaemer's Antique Weapon Emporium.
 19951 | Orc:2    | Found a gateway to a bazaar.
 19971 | Bazaar   | Entered a bazaar
 19978 | Bazaar   | Found Heix Ysch's Armour Shop.
 20005 | Bazaar   | Found Ryfaott's Distillery.
 20010 | Bazaar   | Bought a potion of haste for 90 gold pieces
 20010 | Bazaar   | Bought a potion of heal wounds for 45 gold pieces
 20010 | Bazaar   | Bought a potion of heal wounds for 45 gold pieces
 20010 | Bazaar   | Bought a potion of curing for 27 gold pieces
 20010 | Bazaar   | Bought a potion of curing for 27 gold pieces
 20010 | Bazaar   | Bought a potion of might for 36 gold pieces
 20010 | Bazaar   | Bought a potion of cancellation for 72 gold pieces
 20035 | Bazaar   | Found Facw's Antique Weapon Boutique.
 20035 | Bazaar   | Found Huuntakh's Assorted Antiques.
 20190 | Orc:2    | Found Hoipi's Armour Shop.
 20224 | Orc:2    | Found Bihil's Magic Scroll Boutique.
 20380 | Orc:2    | Bought a scroll of identify for 32 gold pieces
 20666 | Lair:1   | Entered Level 1 of the Lair of Beasts
 20945 | Lair:2   | Found a transporter.
 20945 | Lair:2   | Found a transporter.
 20946 | Lair:2   | Noticed Fan Mut's ghost (journeyman GnFi)
 21036 | Lair:1   | Reached skill level 5 in Stealth
 21134 | Lair:1   | Reached skill level 16 in Fighting
 21147 | Lair:2   | Noticed Nergalle
 21154 | Lair:2   | Killed Nergalle
 21368 | Lair:2   | Received a gift from Trog
 21706 | D:11     | Found a transporter.
 21714 | D:11     | Reached XP level 16. HP: 142/152 MP: 15/15
 21719 | D:11     | Killed omnomnOMINOUS's ghost
 22426 | Lair:3   | Found a staircase to the Swamp.
 23094 | Lair:2   | Reached skill level 17 in Fighting
 23934 | Lair:1   | Gained mutation: Your mind is acute. (Int +2) [potion of
                  | mutation]
 23934 | Lair:1   | Gained mutation: You have sharp toenails. [potion of
                  | mutation]
 23934 | Lair:1   | Gained mutation: You are frail. (-10% HP) [potion of
                  | mutation]
 23934 | Lair:1   | Gained mutation: You have razor-sharp toenails. [potion of
                  | mutation]
 24025 | Lair:2   | Received a gift from Trog
 24046 | Lair:2   | Killed Fan Mut's ghost
 24281 | Lair:4   | Found a frozen archway.
 24346 | IceCv    | Entered an ice cave
 24872 | IceCv    | Identified the amulet "Xoschafy" {Faith rF- rN+ Int+5}
 25188 | Lair:4   | Found a staircase to the Snake Pit.
 25258 | Lair:4   | Reached skill level 1 in Evocations
 25842 | Lair:4   | Identified the +8 quarterstaff "Wylebyll" {vorpal, rElec
                  | MP+9 Dex+2}
 26126 | Lair:5   | Found a runed translucent door.
 26126 | Lair:5   | Found a viscous altar of Jiyva.
 26127 | Lair:5   | Found a staircase to the Slime Pits.
 26130 | Lair:5   | Received a gift from Trog
 26143 | Lair:6   | Entered Level 6 of the Lair of Beasts
 26169 | Lair:6   | Reached skill level 10 in Dodging
 26207 | Lair:6   | Identified the +4 hunting sling of Disaster {freeze, rElec
                  | Will+ SInv}
 27167 | Lair:6   | Reached skill level 18 in Fighting
 27669 | Swamp:1  | Entered Level 1 of the Swamp
 27686 | Swamp:1  | Noticed Frances
 27699 | Swamp:1  | Killed Frances
 27700 | Swamp:1  | Reached skill level 15 in Shields
 27881 | Swamp:1  | Reached XP level 17. HP: 148/148 MP: 16/16
 28259 | Swamp:1  | Received a gift from Trog
 30109 | Swamp:2  | Received a gift from Trog
 30788 | Swamp:3  | Reached skill level 1 in Throwing
 31186 | Swamp:4  | Entered Level 4 of the Swamp
 32053 | Swamp:4  | Noticed the 27-headed Lernaean hydra
 32081 | Swamp:4  | Reached skill level 19 in Fighting
 33690 | Swamp:4  | Got a decaying rune of Zot
 34110 | Swamp:4  | Killed the 24-headed Lernaean hydra
 34111 | Swamp:4  | Reached skill level 5 in Throwing
 34412 | Swamp:4  | Found a shadowy altar of Dithmenos.
 35308 | Snake:1  | Entered Level 1 of the Snake Pit
 35590 | Snake:2  | Identified the +7 great mace of the Jolly Spines {vorpal,
                  | rElec Str+3 Dex+5}
 35607 | Snake:2  | Noticed Vashnia
 35610 | Snake:2  | Noticed Kirke
 35672 | Snake:2  | Killed Kirke
 35673 | Snake:2  | Reached XP level 18. HP: 158/158 MP: 17/17
 35697 | Snake:2  | Killed Vashnia
 36238 | Snake:1  | Found Biphebb's Armour Shop.
 36458 | Snake:1  | Found Cyotuiji's Book Shop.
 36458 | Snake:1  | Found Mautt's Jewellery Emporium.
 36459 | Snake:1  | Found Hamio's Book Shop.
 36509 | Snake:1  | Received a gift from Trog
 36513 | Snake:1  | Identified the +1 chain mail of Elitism {rN+ Str+8 Dex+3}
 36888 | Snake:2  | Identified the +2 robe of Fedhas's Benevolence {*Contam
                  | Slay+5}
 37184 | Snake:3  | Noticed Louise
 37190 | Snake:3  | Killed Louise
 37243 | Snake:4  | Entered Level 4 of the Snake Pit
 37243 | Snake:4  | Found the +0 staff of Battle
 37708 | Snake:4  | Noticed Nikola
 38351 | Snake:3  | Received a gift from Trog
 38846 | Snake:4  | Killed Nikola
 38919 | Snake:4  | Found Gesacux's Distillery.
 38924 | Snake:4  | Found Piadgh's Assorted Antiques.
 38972 | Snake:4  | Noticed Bai Suzhen
 38987 | Snake:4  | Killed Bai Suzhen
 39101 | Snake:4  | Reached skill level 20 in Fighting
 39149 | Snake:4  | Upgraded the game from 0.27-a0-597-g524d869a0f to
                  | 0.27-a0-604-g29a88b33a7
 39479 | Snake:4  | Noticed Aizul
 39496 | Snake:4  | Killed Aizul
 40428 | Snake:4  | Received a gift from Trog
 40711 | Snake:4  | Reached XP level 19. HP: 152/166 MP: 18/18
 41230 | Snake:4  | Got a serpentine rune of Zot
 41609 | Vaults:1 | Entered Level 1 of the Vaults
 42008 | Vaults:1 | Received a gift from Trog
 42190 | Vaults:2 | Noticed Sojobo
 42214 | Vaults:2 | Killed Sojobo
 43014 | Vaults:1 | Received a gift from Trog
 43279 | Vaults:1 | Reached skill level 21 in Fighting
 44069 | Vaults:2 | Reached XP level 20. HP: 178/178 MP: 19/19
 45015 | Vaults:3 | Received a gift from Trog
 46019 | Vaults:3 | Received a gift from Trog
 46047 | Vaults:3 | Identified the -2 kite shield of the Northern Lights {rC+
                  | Str+2}
 46215 | Vaults:3 | Found a staircase to the Crypt.
 46242 | Vaults:3 | Found Campouruo's Assorted Antiques.
 46258 | Vaults:3 | Bought a scintillating brass ring for 140 gold pieces
 46258 | Vaults:3 | Identified the ring of Dushilaudugg {*Corrode rPois rF+ rN+
                  | Str+6} (You bought it in a shop on level 3 of the Vaults)
 46631 | Vaults:3 | Identified the +5 war axe "Pauhui" {freeze, rElec}
 46960 | Vaults:4 | Reached skill level 22 in Fighting
 47548 | Vaults:4 | Found Ronoin's Armour Boutique.
 47658 | Vaults:4 | Received a gift from Trog
 47787 | Vaults:4 | Reached XP level 21. HP: 174/186 MP: 20/20
 48097 | Vaults:4 | Paralysed by a floating eye for 3 turns
 48381 | Vaults:5 | Entered Level 5 of the Vaults
 48738 | Vaults:5 | Noticed a golden dragon
 48740 | Vaults:5 | Noticed a golden dragon
 49149 | Vaults:5 | Noticed a golden dragon
 49149 | Vaults:5 | Identified the +7 dire flail "Taggeud" {freeze, Str+4
                  | Dex-4}
 49159 | Vaults:5 | Noticed a dread lich
 49159 | Vaults:5 | Noticed a golden dragon
 49159 | Vaults:5 | HP: 5/188 [entropy weaver (11)]
 49159 | Vaults:5 | Mangled by a golden dragon

Illustrated notes

Levels and vault maps discovered:
D:1:      minmay_arrival_plants_in_alcoves, layout_loops_ring
D:2:      layout_loops_cross, lemuel_doored_altar, kennysheep_slug_shrine,
          xom_teletrap_fun, uniq_sigmund
D:3:      layout_loops_ring, minmay_between, uniq_jessica, uniq_robin
D:4:      layout_basic, uniq_menkaure, uniq_grinder
D:5:      layout_basic, uniq_prince_ribbit1
D:6:      layout_basic, lemuel_round_altar, overflow_temple_1_default,
          minmay_temple_entry_junction_2
D:7:      layout_layer_cave, grunt_temple_overflow_order_and_chaos_2,
          nzn_hepliaklqana_mist_gate, general_overflow_altar, uniq_maggie,
          uniq_harold
D:8:      layout_loops_ring, nrook_mini_backslash, uniq_erica, uniq_pikel
D:9:      layout_rooms, david_orc_4, enter_bailey_7, serial_corexii_hall,
          corexii_hall_statues_t, chequers_hall_statues_y, minivault_16,
          chequers_serial_rivers_micro_d
D:10:     layout_roguey, due_lair_maze_entry_diamond, serial_shops, shop,
          minmay_gold_behind_fungi, uniq_gastronok
D:11:     layout_roguey, serial_shops, shop, gammafunk_ghost_smash,
          grunt_ministairs_3, roderic_serpentine_path, nicolae_ru_awakened_eye
D:12:     layout_irregular_city, serial_park_tiny_1, amcnicky_mini_pool_medium
D:13:     nzn_winding_woodlands_large [nzn_winding_woodlands_5x5_default,
          nzn_winding_woodlands_5x15_lazy_stream,
          nzn_winding_woodlands_hourglass,
          nzn_winding_woodlands_center_diamonds,
          nzn_winding_woodlands_15x15_boxy_spiral,
          nzn_winding_woodlands_center_garden,
          nzn_winding_woodlands_5x5_default, nzn_winding_woodlands_5x15_pool,
          nzn_winding_woodlands_5x5_perimeter], layout_long_grid,
          gauntlet_entry_generic, serial_shops, shop
D:14:     layout_irregular_city, hangedman_vaults_entry_quadrant_bands,
          corexii_leaking_fountain, uniq_josephine
D:15:     grunt_enter_depths_hoard, layout_rooms, serial_shops, shop,
          gammafunk_ghost_ooze, corexii_hall_statues_x, grunt_ministairs_9,
          uniq_rupert
Temple:   dpeg_chambers_temple
Lair:1:   layout_regular_city, minivault_19
Lair:2:   mu_elephants_graveyard, layout_gridlike, gammafunk_ghost_hive,
          uniq_nergalle
Lair:3:   layout_small_grid, minmay_swamp_entry_worms, serial_bayou_pond_e,
          serial_bayou_pond_e, lemuel_fruit_tree, serial_bayou_shore_a,
          grunt_megastairs_4
Lair:4:   layout_misc_corridors, minmay_snake_entry_six_corridors,
          portal_ice_cave_entry_imps, serial_bayou_shore_b
Lair:5:   layout_cave_shapes, slime_altar_2
Lair:6:   evilmike_catoblepas_cave, layout_gridlike, infiniplex_staircase_pool
Swamp:1:  layout_falls_marsh, evilmike_swamp_ruin_house_4, swamp_pool3,
          uniq_frances
Swamp:2:  layout_basic_swamp, nicolae_swamp_dense_foliage
Swamp:3:  layout_basic_swamp, evilmike_swamp_ruin_rubble_2, swamp_pool3,
          cheibrodos_swamp_witchery
Swamp:4:  swamp_old_school, layout_basic_swamp, nicolae_swamp_godswood,
          swamp_pool1
Snake:1:  layout_rooms, serial_shops, shop_statue, nicolae_snake_single_loop,
          chequers_hall_statues_corner_a, nrook_guardian_serpent_double,
          minmay_shop_grove
Snake:2:  layout_misc_corridors, uniq_kirke, uniq_vashnia
Snake:3:  layout_concentric_octagons, uniq_louise
Snake:4:  johnstein_snake_rune_scales, layout_onion_interference,
          minmay_shop_star, uniq_nikola, uniq_bai_suzhen, uniq_aizul
Orc:1:    layout_caves, serial_shops, shop
Orc:2:    grunt_orc_community_town_hall, layout_caves,
          grunt_orc_community_big_house_1, grunt_orc_community_big_house_2,
          grunt_orc_community_house_2, grunt_orc_community_house_1,
          grunt_orc_community_house_3, grunt_orc_community_house_2,
          grunt_orc_community_house_2, grunt_orc_community_house_3,
          serial_shops, bzr_entry_water, nicolae_shop_waterfront,
          lightli_orcish_oven
Vaults:1: nicolae_vaults_c_with_doors, v_misc_33, vaults_standard_mumra_lines,
          vaults_dpeg_cross, vaults_mumra_minichess, hangedman_vaults_capsules,
          hangedman_vaults_stagger, hangedman_vaults_nodes,
          ontoclasm_vaults_tryst, nicolae_vaults_big_angled_halls,
          nicolae_vaults_gold_heap, vaults_room_pools, vaults_room_hallway,
          layout_vaults_omnicross
Vaults:2: vaults_dpeg_diagonal, v_alt_pattern_1, hangedman_vaults_locks,
          vaults_room_hallway, ontoclasm_vaults_pinch, nicolae_vaults_rhombus_6,
          nicolae_vaults_network_periphery, v_misc_30, layout_vaults_quadrants,
          uniq_margery, uniq_sojobo
Vaults:3: v_rooms_2, ontoclasm_vaults_spin, nicolae_vaults_border_crossing,
          ontoclasm_vaults_bender, vaults_room_fancy_cross,
          ontoclasm_vaults_loading_screen, nicolae_vaults_ring_of_whatevers,
          v_misc_16, ontoclasm_vaults_hangar, nicolae_vaults_sealed_display,
          st_star, vaults_room_fours, ontoclasm_vaults_eye,
          layout_vaults_omnibox, minmay_crypt_entry_simple_corners,
          serial_shops, shop_coins
Vaults:4: nicolae_vaults_network_quincunx
          [nicolae_vaults_network_quincunx_subvault,
          nicolae_vaults_network_quincunx_subvault,
          nicolae_vaults_network_quincunx_subvault,
          nicolae_vaults_network_quincunx_subvault,
          nicolae_vaults_network_quincunx_subvault], hangedman_vaults_trim,
          vaults_mumra_hexcomb, hangedman_vaults_trim, v_misc_9,
          v_alt_pattern_3, vaults_standard_mumra_enter_the_diamond,
          nicolae_vaults_little_squares_4, layout_vaults_big_room, serial_shops,
          nicolae_shop_crystal
Vaults:5

Skill      XL: |  1  2  3  4  5  6  7  8  9 10 11 12 13 14 15 16 17 18 19 20 21 |
---------------+----------------------------------------------------------------+-----
Axes           | 4 6 7 8 10 12 13 15 17 | 17.8
Fighting       | 4 5 6 7 8 9 11 14 16 18 19 20 21 22 | 22.7
Armour         | 3 4 5 7 9 10 12 14 15 16 17 | 17.6
Stealth        | 1 2 4 5 6 7 8 |  8.5
Dodging        | 3 4 6 7 9 10 11 12 13 14 | 14.5
Shields        | 1 2 4 8 10 13 15 17 19 20 21 | 21.5
Polearms       | 4 |  4.4
Evocations     | 1 4 |  4.7
Throwing       | 6 7 8 |  8.2

Action                   |  1- 3 |  4- 6 |  7- 9 | 10-12 | 13-15 | 16-18 | 19-21 || total
-------------------------+-------+-------+-------+-------+-------+-------+-------++-------
Melee: Hand axe          |    52 |       |       |       |       |       |       ||    52
       Headbutt          |    12 |    11 |    39 |    69 |   184 |   294 |   251 ||   860
       War axe           |    21 |   102 |   198 |       |       |       |       ||   321
       Battleaxe         |       |       |    12 |   112 |       |       |       ||   124
       Broad axe         |       |       |       |   317 |   708 |  1106 |   879 ||  3010
       Halberd           |       |       |       |    19 |       |       |       ||    19
       Spear             |       |       |       |     8 |       |       |       ||     8
       Trident           |       |       |       |     8 |       |       |       ||     8
       Scimitar          |       |       |       |       |     5 |       |       ||     5
       Great mace        |       |       |       |       |       |     7 |       ||     7
Throw: Boomerang         |       |       |       |       |       |   167 |    27 ||   194
       Javelin           |       |       |       |       |       |     4 |       ||     4
Invok: Berserk           |       |     1 |     2 |     2 |     2 |       |     1 ||     8
       Trog's Hand       |       |       |     2 |     5 |       |    20 |     3 ||    30
       Brothers in Arms  |       |       |       |     3 |       |     4 |     5 ||    12
 Abil: Evoke Flight      |       |       |       |       |       |     3 |       ||     3
Evoke: Wand              |       |       |       |       |       |    45 |    14 ||    59
       Lightning rod     |       |       |       |       |       |     6 |     4 ||    10
       Tin of tremorston |       |       |       |       |       |       |     2 ||     2
  Use: Scroll            |       |       |       |    14 |    11 |    16 |     1 ||    42
       Potion            |       |       |       |     1 |       |     7 |     1 ||     9
 Stab: Sleeping          |       |       |       |       |    13 |    10 |    16 ||    39
       Petrified         |       |       |       |       |       |     1 |       ||     1
       Confused          |       |       |       |       |       |     4 |     1 ||     5
       Distracted        |       |       |       |       |       |     3 |       ||     3
Armor: Plate armour      |    40 |       |     4 |   267 |    13 |       |       ||   324
       Chain mail        |    11 |    43 |    18 |       |       |       |       ||    72
       Scale mail        |       |     1 |    45 |       |       |       |       ||    46
       Quicksilver drago |       |       |       |       |   218 |   466 |   259 ||   943
Dodge: Dodged            |    39 |    48 |   100 |   183 |   201 |   390 |   239 ||  1200
Block: Buckler           |       |     4 |    28 |       |       |       |       ||    32
       Kite shield       |       |       |       |   161 |   348 |   434 |       ||   943
       Tower shield      |       |       |       |       |       |   428 |   987 ||  1415

Table legend: (Time is in decaauts)
 A = Elapsed time spent in this place.
 B = Non-inter-level travel time spent in this place.
 C = Inter-level travel time spent in this place.
 D = Time resting spent in this place.
 E = Time spent auto-exploring this place.
 F = Levels seen in this place.
 G = Mean time per level.
                   A        B        C        D        E       F      G
               +--------+--------+--------+--------+--------+-----+--------+
         Total |  49320 |  45673 |   3647 |    648 |  32263 |  41 | 1202.9 |
       Dungeon |  17643 |  16121 |   1522 |    256 |  10513 |  15 | 1176.2 |
        Temple |    231 |    209 |     22 |      0 |    208 |   1 |  231.0 |
          Lair |   6083 |   5369 |    714 |      0 |   3709 |   6 | 1013.8 |
         Swamp |   7610 |   7044 |    566 |      4 |   5821 |   4 | 1902.5 |
     Snake Pit |   6078 |   5719 |    359 |    142 |   4080 |   4 | 1519.5 |
  Orcish Mines |   1783 |   1720 |     63 |      0 |   1202 |   2 |  891.5 |
        Vaults |   7419 |   7019 |    400 |    245 |   5014 |   5 | 1483.8 |
        Bazaar |    128 |    128 |      0 |      0 |     94 |   1 |  128.0 |
        Bailey |   1037 |   1037 |      0 |      0 |    780 |   1 | 1037.0 |
      Ice Cave |    696 |    696 |      0 |      0 |    498 |   1 |  696.0 |
      Gauntlet |    608 |    608 |      0 |      0 |    343 |   1 |  608.0 |
               +--------+--------+--------+--------+--------+-----+--------+

Top non-repeatable levels by time:
 Swamp:4: 2947 daAuts
 Snake:4: 2568 daAuts
Vaults:4: 2108 daAuts
Vaults:3: 2005 daAuts
Vaults:1: 1931 daAuts
    D:13: 1876 daAuts
 Swamp:2: 1700 daAuts
 Snake:3: 1617 daAuts
 Swamp:1: 1503 daAuts
     D:7: 1493 daAuts
 Swamp:3: 1459 daAuts
     D:4: 1368 daAuts
Vaults:2: 1347 daAuts
  Lair:3: 1340 daAuts
  Lair:2: 1323 daAuts
